 Dungeon Crawl Stone Soup version 0.31-a0-662-g684573625c (webtiles) character file.

Game seed: 16755133802518796897

47 cforsyth the Trooper (level 3, -1/30 HPs)
             Began as a Djinni Cinder Acolyte on Sept 1, 2023.
             Was a High Priest of Ignis.
             Slain by a gnoll
             ... wielding a +0 flail
              (6 damage)
             ... on level 1 of the Dungeon.
             The game lasted 00:01:53 (1600 turns).

cforsyth the Trooper (Djinni Cinder Acolyte)        Turns: 1600, Time: 00:01:54

Health: -1/30      AC:  3    Str: 13    XL:     3   Next: 97%
Gold:   13         EV: 11    Int: 17    God:    Ignis [*****.] SH:  0 Dex:  8

rFire   + + +        a - -1 falchion (flame)
rCold   x . .        (no shield)
rNeg    . . .        b - +0 robe
rPois   ∞            (no helmet)
rElec   .            (no cloak)
rCorr   .            j - +0 pair of gloves
SInv    .            (boots unavailable)
Will    .....        (no amulet)
Stlth   +            (no ring)
HPRegen 0.25/turn    (no ring)
MPRegen 0.00/turn

%: infuse magic (-2 HP)
@: flying
A: sickness immunity, fire resistance 2, cold vulnerability 1, float, innate
caster, HP casting, extra vitality 1
a: Renounce Religion, Fiery Armour, Foxfire Swarm, Rising Flame


You were on level 1 of the Dungeon.
You worshipped Ignis.
Ignis was extremely pleased with you.
You visited 1 branch of the dungeon, and saw 2 of its levels.

You collected 13 gold pieces.

Inventory:

Hand Weapons
 a - a -1 falchion of flaming (weapon)
Armour
 b - a +0 robe (worn)
 j - a +0 pair of gloves (worn)
Scrolls
 d - 2 scrolls of identify {unknown}
 e - a scroll of teleportation {unknown}
 f - a scroll of poison {unknown}
 g - a scroll of summoning {unknown}
Potions
 c - a potion of cancellation {unknown}
 h - a potion of degeneration {unknown}
 i - a potion of heal wounds {unknown}
 k - a potion of haste {unknown}


   Skills:
 + Level 3.5 Fighting
 + Level 3.2 Long Blades
 + Level 2.6 Spellcasting
 + Level 2.6 Conjurations
 + Level 2.6 Hexes
 + Level 2.6 Summonings
 + Level 2.6 Necromancy
 + Level 2.6 Translocations
 + Level 2.6 Transmutations
 + Level 2.6 Fire Magic
 + Level 2.6 Ice Magic
 + Level 2.6 Air Magic
 + Level 2.6 Earth Magic
 + Level 2.6 Poison Magic


You knew the following spells:

 Your Spells              Type           Power      Damage    Failure   Level
a - Scorch                Fire           22%        2d5       9%          2
b - Sting                 Tmut/Pois      44%        1d5       6%          1
Your spell library was empty.

Dungeon Overview and Level Annotations

Branches:
Dungeon (2/15)

Altars:

Shops:
D:1 !

Annotations:
D:2 Robin


Innate Abilities, Weirdness & Mutations

You are immune to sickness and miasma.
You are immune to poison.
Your flesh is very heat resistant. (rF++)
You are vulnerable to cold. (rC-)
You float through the air rather than walking.
You learn spells naturally, not from books.
Your magical power is your life essence.
You have superior vitality. (+4 MHP)


Message History

You see here a +0 war axe.
The goblin shoots a sling bullet.
The sling bullet closely misses you. The gnoll closely misses you.
The goblin unwields a +0 sling.
The goblin wields a +0 dagger.
The goblin barely misses you.
You barely miss the gnoll. The gnoll hits you with a +0 flail!
The goblin hits you with a +0 dagger.
You are too injured to fight recklessly!
You are too injured to fight recklessly!
You are too injured to fight recklessly!
You are too injured to fight recklessly!
You are too injured to fight recklessly!
You are too injured to fight recklessly!
You are too injured to fight recklessly!
The goblin unwields a +0 dagger.
The goblin wields a +0 sling.
The goblin shoots a sling bullet.
The sling bullet hits you.
There is a stone staircase leading up here.
The gnoll barely misses you. The goblin hits you with a +0 dagger.
You fly upwards.
There is a stone staircase leading down here.
The gnoll barely misses you. The goblin attacks as it pursues you!
The goblin hits you with a +0 dagger.
Things that are here:
a +0 dagger; a goblin skeleton The gnoll hits you with a +0 flail.
The gnoll attacks as it pursues you! The gnoll barely misses you.
Casting: Scorch (safe; 9% risk of failure)
Confirm with . or Enter, or press ? or * to list all spells.
Flames lash the gnoll.
The gnoll is moderately wounded.
The gnoll's fire resistance burns away.
* * * LOW HITPOINT WARNING * * *
The gnoll hits you with a +0 flail.
* * * LOW HITPOINT WARNING * * *
Casting: Scorch (safe; 9% risk of failure)
Confirm with . or Enter, or press ? or * to list all spells.
Flames lash the goblin.
You kill the goblin!
* * * LOW HITPOINT WARNING * * *
The gnoll hits you with a +0 flail.
You die...

.......##.#
#.##.###...........##
#.#.##.##.#
#.##..#.########...##
#.#.##.##.# #.##.#..# ######
..#.......# #.##....# #
#####...#####.......# #
..............#####.# #######
# .....#..#####.# #.# #.....#
#
.....#........#####.####.....#
..♣♣.#....)÷#.)g@...∩........#
..♣♣.#.....>).#####.####.....#
.....#.###.######...## #.....#
####.#.# ♣.♣ #.......# #######
...#.#.#♣♣.♣♣#.##.##.##
.<.###.........##.....# ####
...#...#♣♣.♣♣#.#####..#
##..### ####...# ♣.♣
#........# ##.....#
#.#....###.# ########.#
##.......


You could see a gnoll (combustible).

Vanquished Creatures
  A gnoll (D:1)
  A worm (D:1)
  A dart slug (D:1)
  3 ball pythons (D:1)
  4 bats
  3 endoplasms (D:1)
  2 giant cockroaches
  5 goblins
  3 hobgoblins (D:1)
  2 jackals (D:1)
  2 kobolds (D:1)
  A quokka (D:1)
  2 rats (D:1)
30 creatures vanquished.

Notes
Turn   | Place    | Note
-------+----------+-------------------------------------------
     0 | D:1      | cforsyth the Djinni Cinder Acolyte began the quest for the
                  | Orb.
     0 | D:1      | cforsyth set off with the following spells memorised:
                  | Scorch.
     0 | D:1      | Reached XP level 1. HP: 20/20 MP: 0/0
   199 | D:1      | Found Ledol's Distillery.
   211 | D:1      | Reached XP level 2. HP: 22/25 MP: 0/0
   555 | D:1      | Reached XP level 3. HP: 26/30 MP: 0/0
   555 | D:1      | Learned a level 1 spell: Sting
  1087 | D:2      | Noticed Robin
  1600 | D:1      | Slain by a gnoll

Illustrated notes

Levels and vault maps discovered:
D:1:      amcnicky_arrival_single_pillar, layout_loops_cross, serial_shops,
          shop, minmay_tree_intersection, nicolae_wormholes
D:2:      layout_basic, hellmonk_ecumenical_altar_slurped_away,
          grunt_ministairs_1, minmay_tall_x, uniq_robin

Skill      XL: |  1  2 |
---------------+-------+-----
Long Blades    | 3 |  3.2
Fighting       | |  3.5
Spellcasting   | |  2.6
Conjurations   | |  2.6
Hexes          | |  2.6
Summonings     | |  2.6
Necromancy     | |  2.6
Translocations | |  2.6
Transmutations | |  2.6
Fire Magic     | |  2.6
Ice Magic      | |  2.6
Air Magic      | |  2.6
Earth Magic    | |  2.6
Poison Magic   | |  2.6

Action                     || total
---------------------------++-------
  Melee: Falchion          ||   114
         Punch             ||     2
   Cast: Scorch            ||     4
   Stab: Sleeping          ||     1
         Distracted        ||     1
 Armour: Robe              ||   127
  Dodge: Dodged            ||   119

Table legend: (Time is in decaauts)
 A = Elapsed time spent in this place.
 B = Non-inter-level travel time spent in this place.
 C = Inter-level travel time spent in this place.
 D = Time resting spent in this place.
 E = Time spent auto-exploring this place.
 F = Levels seen in this place.
 G = Mean time per level.
                   A        B        C        D        E       F      G
               +--------+--------+--------+--------+--------+-----+--------+
         Total |   1622 |   1583 |     39 |    432 |    778 |   2 |  811.0 |
       Dungeon |   1622 |   1583 |     39 |    432 |    778 |   2 |  811.0 |
               +--------+--------+--------+--------+--------+-----+--------+

Top non-repeatable levels by time:
     D:1: 1549 daAuts
     D:2: 72 daAuts
